Map: Ascension to Aiur LE

Players

JonSnow - Winner!

  • Race: Zerg Zerg
  • League: Grandmaster
  • Spawn Location: 5:00

SpeCial

  • Race: Terran Terran
  • League: Master
  • Spawn Location: 11:00

VOD

Have the link to the VOD?

Description

Time

  • Played on: Dec. 24, 2017, 7:50 p.m.
  • Length: 13:50
Show
View Real Time Build Order
Export as new Build Order

JonSnow Zerg - Winner!

Build Orders: Hatch First, Muta Ling Bane 

Get SALT Encoding   

  12  0:00  Drone  
  13  0:12  Overlord  
  13  0:17  Drone  
  14  0:33  Drone x2  
  14  0:34  Drone  
  17  0:52  Hatchery  
  17  0:56  Drone  
  17  1:00  Drone  
  18  1:09  Extractor  
  17  1:15  Spawning Pool  
  17  1:16  Drone  
  17  1:21  Drone  
  18  1:28  Drone  
  19  1:39  Overlord  
  19  1:50  Drone  
  20  2:01  Drone  
  21  2:02  Queen  
  21  2:03  Queen  
  21  2:04  Zergling x2  
  26  2:10  Metabolic Boost  
  26  2:12  Zergling x2  
  27  2:16  Zergling x2  
  28  2:31  Hatchery  
  27  2:39  Drone x3  
  27  2:43  Drone  
  31  2:46  Drone  
  32  2:53  Queen  
  34  2:59  Overlord  
  34  3:01  Drone  
  35  3:10  Drone  
  36  3:18  Drone x6  
  42  3:21  Overlord  
  42  3:24  Drone  
  43  3:38  Queen  
  44  3:43  Drone x5  
  44  3:45  Drone  
  44  3:46  Drone x2  
  44  3:47  Drone  
  52  3:53  Queen  
  54  3:59  Drone x3  
  57  4:07  Overlord  
  57  4:13  Lair  
  57  4:14  Extractor  
  57  4:16  Extractor  
  55  4:19  Zergling x4  
  55  4:20  Overlord  
  57  4:25  Zergling x12  
  57  4:29  Drone x2  
  57  4:30  Drone  
  66  4:36  Baneling Nest  
  66  4:38  Drone x2  
  66  4:39  Overlord x3  
  67  4:47  Overlord, Spore Crawler  
  66  4:57  Queen  
  66  4:58  Overlord  
  66  5:10  Zergling x22  
  66  5:13  Overseer  
  77  5:18  Zergling x8  
  81  5:21  Queen  
  81  5:22  Baneling x2  
  81  5:26  Drone x4  
  83  5:39  Drone x4  
  83  5:41  Drone  
  83  5:42  Centrifical Hooks  
  85  5:45  Evolution Chamber  
  85  5:47  Evolution Chamber  
  85  5:49  Drone  
  84  5:51  Hydralisk Den, Drone x2  
  84  5:53  Drone  
  80  6:05  Drone x5  
  80  6:07  Drone  
  80  6:09  Extractor  
  84  6:11  Drone x3  
  84  6:12  Drone  
  84  6:13  Drone  
  84  6:14  Zerg Missile Weapons Level 1, Zerg Melee Weapons Level 1  
  84  6:18  Drone x4  
  92  6:24  Muscular Augments  
  93  6:27  Extractor x2  
  93  6:28  Hydralisk x2  
  93  6:29  Zergling x2  
  92  6:33  Hydralisk x2  
  92  6:35  Zergling x2  
  96  6:40  Hydralisk x2  
  96  6:41  Hydralisk  
  96  6:45  Hydralisk  
  104  6:49  Zergling x2  
  104  6:52  Overlord x3  
  105  6:54  Baneling x3  
  105  6:57  Overlord  
  105  7:06  Hydralisk x2  
  103  7:11  Hydralisk x2  
  103  7:12  Hatchery  
  100  7:19  Spire  
  93  7:23  Hydralisk  
  93  7:24  Hydralisk  
  93  7:28  Hydralisk  
  98  7:32  Drone x2  
  98  7:33  Pneumatized Carapace  
  98  7:36  Hydralisk  
  102  7:46  Hydralisk x3  
  102  7:48  Hatchery  
  106  7:55  Overlord x2  
  106  7:58  Hydralisk, Drone  
  104  7:59  Hydralisk x3  
  104  8:05  Overlord  
  112  8:06  Baneling x2  
  112  8:07  Baneling  
  112  8:12  Zergling x18  
  121  8:20  Overseer  
  117  8:32  Overseer  
  114  8:34  Mutalisk x4  
  120  8:44  Mutalisk  
  120  8:46  Drone x8  
  130  8:55  Drone  
  130  8:57  Infestation Pit  
  130  8:58  Hatchery, Zergling x10  
  130  9:01  Zerg Melee Weapons Level 2  
  134  9:05  Baneling x3  
  132  9:15  Zergling x2  
  132  9:16  Zergling x12  
  138  9:20  Baneling x4  
  138  9:23  Overlord  
  138  9:24  Drone x5  
  139  9:26  Zerg Ground Armor Level 1  
  139  9:30  Zergling x8  
  142  9:36  Drone  
  142  9:37  Drone x2  
  145  9:38  Hive  
  144  9:53  Hydralisk x7  
  153  10:12  Overlord  
  153  10:14  Drone x7  
  153  10:15  Drone x2  
  153  10:16  Extractor  
  153  10:17  Extractor  
  153  10:18  Overlord  
  160  10:27  Spore Crawler  
  159  10:30  Spine Crawler x2  
  159  10:31  Overlord x2  
  146  10:51  Viper x3  
  146  10:53  Viper  
  158  11:00  Zergling x8  
  158  11:01  Zergling x28  
  158  11:02  Ultralisk Cavern  
  173  11:05  Baneling x5  
  173  11:07  Queen  
  175  11:14  Drone x5  
  175  11:16  Extractor  
  175  11:17  Overlord  
  175  11:18  Extractor, Zergling x2  
  180  11:19  Zergling x14  
  180  11:21  Baneling x8  
  188  11:25  Baneling x2  
  188  11:32  Hydralisk x5  
  191  11:46  Hydralisk x8  
  181  11:47  Zergling x2  
  181  11:53  Zergling x10  
  152  12:01  Zergling x2  
  152  12:02  Zergling x4  
  152  12:07  Hydralisk x3  
  155  12:11  Chitinous Plating  
  155  12:13  Hatchery  
  155  12:15  Zergling x14  
  153  12:21  Zergling x6  
  148  12:36  Zergling x6, Ultralisk x2  
  159  12:42  Zergling x10  
  159  12:43  Zergling x2  
  159  12:49  Baneling x3  
  159  12:57  Zergling x2, Ultralisk  
  159  12:58  Zergling x8  
  164  13:03  Zergling x10  
  163  13:14  Zergling x14  
  163  13:22  Hydralisk x3  
Show
View Real Time Build Order
Export as new Build Order

SpeCial Terran 

Build Orders: Command Center First (CC), Liberator Opening, Mech 

Get SALT Encoding   

  12  0:01  SCV  
  13  0:13  SCV  
  14  0:17  Supply Depot  
  14  0:25  SCV  
  15  0:38  SCV  
  16  0:50  SCV  
  17  1:00  Command Center  
  17  1:03  SCV  
  18  1:14  Barracks  
  18  1:17  SCV  
  19  1:22  Refinery  
  19  1:29  SCV  
  19  1:32  Refinery  
  20  1:41  SCV  
  22  2:01  Reaper  
  23  2:02  Orbital Command  
  22  2:13  Orbital Command  
  22  2:20  Factory  
  22  2:28  SCV  
  23  2:34  Barracks Reactor  
  23  2:38  SCV  
  23  2:40  SCV  
  25  2:51  SCV  
  26  2:52  SCV  
  27  3:03  SCV  
  27  3:04  SCV  
  29  3:05  Starport  
  29  3:09  Starport  
  29  3:10  Refinery  
  29  3:15  SCV  
  29  3:16  Hellion x2, SCV  
  29  3:18  Barracks Tech Lab  
  29  3:19  Supply Depot  
  35  3:27  SCV  
  35  3:28  SCV  
  37  3:39  SCV  
  37  3:40  Hellion x2  
  42  3:42  SCV  
  42  3:44  Liberator  
  42  3:47  Viking  
  45  3:51  Supply Depot, SCV  
  46  4:01  SCV  
  50  4:03  SCV  
  53  4:15  Supply Depot  
  53  4:17  SCV x2  
  53  4:23  Hyperflight Rotors  
  53  4:28  Hellion x2  
  53  4:29  SCV x2  
  59  4:34  Starport Tech Lab  
  59  4:38  Supply Depot  
  59  4:41  SCV x2  
  59  4:44  Supply Depot  
  61  4:49  Banshee  
  61  4:50  Hellion x2  
  68  4:53  SCV x2  
  70  5:00  Banshee, Cloaking Field  
  73  5:08  SCV x2  
  73  5:10  Supply Depot  
  75  5:23  SCV x2  
  75  5:25  Command Center, Hellion x2  
  80  5:31  Banshee  
  80  5:35  SCV  
  77  5:39  SCV  
  70  5:46  Hellion x2  
  70  5:47  SCV  
  70  5:48  Refinery  
  74  5:51  SCV  
  75  5:59  SCV  
  75  6:04  SCV  
  76  6:05  Banshee  
  76  6:07  Hellion  
  76  6:08  Hellion  
  83  6:11  SCV  
  83  6:14  Banshee  
  83  6:16  SCV  
  88  6:23  SCV  
  88  6:24  Supply Depot  
  89  6:28  SCV  
  89  6:29  Hellion x2  
  94  6:35  Factory x2  
  94  6:41  Armory  
  94  6:42  Supply Depot  
  94  6:43  Armory  
  94  6:46  SCV x2  
  96  6:47  Barracks Tech Lab  
  96  6:50  Hellion x2  
  100  6:58  SCV x2  
  102  7:03  Banshee  
  105  7:10  SCV x2  
  105  7:11  Orbital Command  
  105  7:12  Hellion x2  
  105  7:14  Banshee  
  104  7:22  SCV x2  
  106  7:26  Factory Tech Lab  
  106  7:29  Terran Vehicle Weapons Level 1, Refinery x2  
  106  7:31  Terran Vehicle And Ship Armor Level 1  
  106  7:33  Hellion  
  106  7:34  SCV x2  
  106  7:35  Siege Tank  
  110  7:46  Banshee, SCV x2  
  110  7:47  Siege Tank, Hellion  
  110  7:49  SCV  
  121  7:55  Supply Depot  
  121  7:57  Supply Depot  
  121  7:58  SCV x2  
  121  7:59  Factory  
  121  8:04  Banshee  
  121  8:05  Factory  
  126  8:07  SCV  
  126  8:10  SCV x2  
  126  8:12  Supply Depot  
  129  8:17  Siege Tank, Hellion  
  129  8:19  SCV  
  135  8:22  SCV x2  
  137  8:27  Supply Depot  
  137  8:34  Banshee  
  137  8:40  SCV x2  
  140  8:41  Hellion x2  
  140  8:47  Banshee  
  150  8:50  Factory Reactor, Factory Tech Lab  
  153  8:55  Command Center  
  153  8:58  Supply Depot  
  153  8:59  Supply Depot  
  153  9:03  Hellion  
  153  9:04  Infernal Pre-Igniter  
  153  9:08  Thor  
  153  9:09  Thor  
  158  9:17  Hellbat, Banshee  
  158  9:21  Engineering Bay  
  159  9:25  Hellion x2  
  161  9:42  Terran Vehicle Weapons Level 2  
  160  9:47  Siege Tank  
  160  9:49  Missile Turret  
  160  9:50  Missile Turret  
  160  9:51  Thor  
  169  9:54  Siege Tank  
  172  10:02  Missile Turret  
  172  10:05  Missile Turret  
  172  10:10  Hellion x2  
  161  10:19  Siege Tank  
  161  10:20  Terran Vehicle And Ship Armor Level 2, Missile Turret  
  164  10:22  Command Center  
  164  10:25  Factory Reactor  
  164  10:26  Siege Tank  
  167  10:32  Hellion  
  167  10:34  Siege Tank  
  169  10:36  Hellion  
  171  10:51  Siege Tank  
  171  10:53  Hellion  
  176  10:58  Siege Tank, Hellion  
  176  10:59  Viking x2  
  182  11:06  Siege Tank  
  182  11:07  Planetary Fortress  
  182  11:10  Refinery x2  
  185  11:12  Hellion x2  
  185  11:13  Smart Servos  
  185  11:14  Hellion  
  191  11:19  Hellion  
  191  11:23  Siege Tank  
  196  11:28  SCV  
  196  11:30  Hellion  
  191  11:34  SCV x2  
  191  11:36  Hellion  
  191  11:37  Hellion x2  
  191  11:38  Siege Tank  
  193  11:41  SCV  
  193  11:46  SCV  
  193  11:47  Hellion, SCV  
  174  11:52  Hellion  
  174  11:53  SCV  
  143  11:54  Viking x2  
  143  11:55  Siege Tank  
  143  11:57  Hellion  
  143  11:59  SCV x2  
  142  12:04  Refinery  
  142  12:05  SCV  
  136  12:10  Refinery  
  136  12:11  Siege Tank, SCV x2  
  136  12:14  Factory x2  
  134  12:17  Hellion x2, SCV  
  134  12:18  Siege Tank, Hellion x2  
  134  12:21  Refinery  
  145  12:27  Siege Tank  
  145  12:29  Viking x2  
  125  12:40  Refinery  
  125  12:41  Hellion x4  
  125  12:43  Siege Tank  
  130  12:44  Planetary Fortress  
  130  12:45  SCV  
  130  12:46  SCV x2  
  133  12:58  SCV x2  
  121  12:59  Siege Tank  
  121  13:00  Siege Tank  
  121  13:02  Hellion x2  
  111  13:15  Siege Tank  
  90  13:23  Hellion x4  
  90  13:25  SCV x2  
  88  13:37  SCV  
  88  13:38  SCV x3  
Tags
 
Add a new tag
Caveats
  • Supply blocks, unpowered buildings, or Contaminate may cause inaccurate times.
  • Supply counts are checked every 10 seconds.